 Dungeon Crawl Stone Soup version 0.31-a0-431-g88bdf31460 (webtiles) character file.

Game seed: 10623777591912511854

93 shadowstone the Slasher (level 4, 0/34 HPs)
             Began as a Barachi Reaver on July 31, 2023.
             Slain by a black bear (1 damage)
             ... on level 4 of the Dungeon.
             The game lasted 00:13:04 (3133 turns).

shadowstone the Slasher (Barachi Reaver)            Turns: 3133, Time: 00:13:12

Health: 0/34       AC:  9    Str: 14    XL:     4   Next: 62%
Magic:  8/8        EV:  7    Int: 21    God:
Gold:   143        SH:  0    Dex: 10    Spells: 3/8 levels left

rFire   . . .        a - +0 falchion
rCold   . . .        (no shield)
rNeg    . . .        r - +0 chain mail
rPois   .            (no helmet)
rElec   .            m - +0 cloak
rCorr   .            (no gloves)
SInv    .            (no boots)
Will    +....        (no amulet) Stlth
                     h - ring of willpower
HPRegen 0.25/turn    g - +6 ring of intelligence
MPRegen 0.11/turn

%: no passive effects
@: slow
A: amphibious, slowness 1, strong legs 1, +LOS
a: Hop


You were on level 4 of the Dungeon.
You visited 1 branch of the dungeon, and saw 4 of its levels.

You collected 143 gold pieces.

Inventory:

Hand Weapons
 a - a +0 falchion (weapon)
Missiles
 k - 5 boomerangs
 p - 3 atropa-tipped darts
 u - 2 poisoned darts
Armour
 b - a +0 leather armour
 j - a +2 helmet
 m - a +0 cloak (worn)
 r - a +0 chain mail (worn)
 s - a +2 robe of willpower
Jewellery
 g - a +6 ring of intelligence (right hand)
 h - a ring of willpower (left hand)
Talismans
 i - a beast talisman
Scrolls
 c - a scroll of fog
 d - a scroll of teleportation {unknown}
 l - 3 scrolls of fear
 o - 2 scrolls of enchant weapon
 t - a scroll of torment {unknown}
Potions
 e - 2 potions of brilliance {unknown}
 f - a potion of might {unknown}
 n - a potion of mutation {unknown}
 q - a potion of enlightenment {unknown}


   Skills:
 + Level 2.8 Fighting
 + Level 4.2 Long Blades
 + Level 0.5 Throwing
 + Level 1.8 Armour
 + Level 2.6 Dodging
 + Level 0.2 Stealth
 * Level 2.8 Spellcasting
 + Level 3.6 Conjurations
 * Level 0.5 Necromancy
 + Level 0.1 Poison Magic


You had 3 spell levels left.
You knew the following spells:

 Your Spells              Type           Power      Damage    Failure   Level
a - Kiss of Death         Conj/Necr      44%        2d8       69%         1
b - Ozocubu's Armour      Ice            2%         N/A       100%        3
c - Sting                 Tmut/Pois      12%        1d3       92%         1

Your spell library contained the following spells:

 Spells                   Type           Power      Damage    Failure   Level
 Momentum Strike          Conj/Tloc      20%        3d8       86%         2
 Hailstorm                Conj/Ice       10%        3d5       97%         3
 Poisonous Vapours        Pois/Air       6%         N/A       98%         2
 Olgreb's Toxic Radiance  Pois           3%         N/A       100%        4
 Metabolic Englaciation   Hex/Ice        1%         N/A       100%        5
 Simulacrum               Ice/Necr       2%         N/A       100%        6


Dungeon Overview and Level Annotations

Branches:
Dungeon (4/15)
 Temple: D:4-7

Altars:


Innate Abilities, Weirdness & Mutations

You are amphibious.
You cover ground slowly.
You can hop short distances.
You have an extended range of vision and can be seen from far away.


Message History

The black bear claws you but does no damage. x2
You hit the black bear.
The black bear is heavily wounded.
The black bear barely misses you. x3
You barely miss the black bear.
The black bear is heavily wounded.
The black bear completely misses you. x2; The black bear closely misses you.
You hit the black bear.
The black bear is severely wounded.
The black bear bites you but does no damage.
The black bear claws you but does no damage. x2
You hit the black bear.
The black bear is severely wounded.
The black bear goes berserk!
You barely miss the black bear.
The black bear is severely wounded.
The black bear barely misses you.
The black bear claws you but does no damage. x2
The black bear closely misses you. The black bear completely misses you.
The black bear closely misses you.
You hit the black bear.
The black bear is almost dead.
The black bear bites you but does no damage.
The black bear claws you.
The black bear claws you but does no damage.
The black bear bites you.
The black bear claws you but does no damage.
The black bear claws you.
You hit the black bear but do no damage.
The black bear is severely wounded.
The black bear bites you!
* * * LOW HITPOINT WARNING * * *
The black bear claws you but does no damage. x2
You barely miss the black bear.
The black bear is severely wounded.
The black bear bites you.
* * * LOW HITPOINT WARNING * * *
The black bear claws you but does no damage.
The black bear claws you.
You die...

.....##... .).
.......... ...
.........##..
............
...<.......# ##
..........!##..#
...............#..
#...............
#....h@<..#
...........##
...........#
............#
..............
#...........#..
##..........#...
###..).#...# ..#
#....##... ..


You could see a black bear (berserk).

Vanquished Creatures
  3 adders
  A worm (D:2)
  3 dart slugs
  5 orcs (D:3)
  5 endoplasms
  4 giant cockroaches
  6 goblins
  A hobgoblin (D:3)
  3 jackals (D:2)
  2 quokkas
  2 ball pythons (D:3)
  4 bats
  2 frilled lizards (D:3)
  5 kobolds
  3 rats
49 creatures vanquished.

Notes
Turn   | Place    | Note
-------+----------+-------------------------------------------
     0 | D:1      | shadowstone the Barachi Reaver began the quest for the Orb.
     0 | D:1      | Reached XP level 1. HP: 17/17 MP: 3/3
   638 | D:1      | Reached XP level 2. HP: 23/23 MP: 5/5
  1355 | D:2      | Reached skill level 4 in Long Blades
  1355 | D:2      | Reached XP level 3. HP: 23/28 MP: 6/6
  1415 | D:2      | Learned a level 3 spell: Ozocubu's Armour
  1983 | D:2      | Reached skill level 1 in Armour
  2198 | D:3      | Reached XP level 4. HP: 34/34 MP: 8/8
  2247 | D:3      | Identified the +4 ring mail of Quantum Leap {rC- Will+
                  | Int+8}
  2489 | D:3      | Learned a level 1 spell: Sting
  3119 | D:4      | Noticed a black bear
  3133 | D:4      | HP: 1/34 [black bear (2)]
  3133 | D:4      | Slain by a black bear

Illustrated notes

Levels and vault maps discovered:
D:1:      dpeg_arrival_connections, layout_loops_ring, serial_glass,
          glass_columns_b, glass_columns_a
D:2:      layout_loops_ring
D:3:      layout_rooms
D:4:      layout_cave_pools, minmay_temple_entry_sparse_star, serial_undead,
          serial_undead_a, serial_undead_c, serial_undead_f, serial_undead_b,
          uniq_natasha

Skill      XL: |  1  2  3 |
---------------+----------+-----
Long Blades    | 4 |  4.2
Armour         | 1 |  1.8
Fighting       | |  2.8
Throwing       | |  0.5
Dodging        | |  2.6
Stealth        | |  0.2
Spellcasting   | |  2.8
Conjurations   | |  3.6
Necromancy     | |  0.5
Poison Magic   | |  0.1

Action                     |  1- 3 |  4- 6 || total
---------------------------+-------+-------++-------
  Melee: Falchion          |   123 |    84 ||   207
         Punch             |     2 |       ||     2
         Unarmed           |       |     5 ||     5
  Throw: Dart              |    16 |       ||    16
   Cast: Ozocubu's Armour  |       |     2 ||     2
Ability: Hop               |     1 |       ||     1
    Use: Scroll            |     4 |       ||     4
   Stab: Invisible         |     2 |       ||     2
 Armour: Leather armour    |    58 |       ||    58
         Chain mail        |    21 |   119 ||   140
  Dodge: Dodged            |    90 |    79 ||   169

Table legend: (Time is in decaauts)
 A = Elapsed time spent in this place.
 B = Non-inter-level travel time spent in this place.
 C = Inter-level travel time spent in this place.
 D = Time resting spent in this place.
 E = Time spent auto-exploring this place.
 F = Levels seen in this place.
 G = Mean time per level.
                   A        B        C        D        E       F      G
               +--------+--------+--------+--------+--------+-----+--------+
         Total |   3544 |   3513 |     31 |    765 |   1229 |   4 |  886.0 |
       Dungeon |   3544 |   3513 |     31 |    765 |   1229 |   4 |  886.0 |
               +--------+--------+--------+--------+--------+-----+--------+

Top non-repeatable levels by time:
     D:1: 1350 daAuts
     D:3: 1163 daAuts
     D:2: 1015 daAuts
     D:4: 14 daAuts
